 Dungeon Crawl Stone Soup version 0.28-a0-998-gb9e9c7b67e (webtiles) character file.

Game seed: 298827655659473370

815 wotkd0121004 the Sneak (level 7, -4/45 HPs)
             Began as an Octopode Earth Elementalist on Dec 5, 2021.
             Slain by a hornet zombie (12 damage)
             ... on level 5 of the Dungeon.
             The game lasted 00:12:27 (6666 turns).

wotkd0121004 the Sneak (OpEE)                       Turns: 6666, Time: 00:12:28

Health: -4/45      AC:  2    Str:  7    XL:     7   Next: 94%
Magic:  0/11       EV: 14    Int: 19    God:
Gold:   172        SH:  0    Dex: 13    Spells: 8/12 levels left

rFire   . . .      SeeInvis .   u - +2 dagger (venom)
rCold   . . .      Faith    .   (no shield)
rNeg    + . .      Spirit   .   f - +1 hat
rPois   .          Reflect  .   (no amulet)
rElec   .          Harm     .   t - ring of positive energy
rCorr   .          Rampage  .   (no ring)
Will    .....                   (no ring)
Stlth   ++++......              (no ring)
HPRegen 0.15/turn               (no ring)
MPRegen 0.12/turn               (no ring)
                                (no ring)
                                (no ring)

@: no status effects
A: almost no armour, amphibious, 8 rings, camouflage 1, gelatinous body 1,
(nimble swimmer 1), tentacles
a: no special abilities


You were on level 5 of the Dungeon.
You visited 1 branch of the dungeon, and saw 5 of its levels.
You also visited: Sewer.

You collected 256 gold pieces.
You spent 84 gold pieces at shops.

Inventory:

Hand Weapons
 u - a +2 dagger of venom (weapon)
Missiles
 b - 89 stones
Armour
 f - a +1 hat (worn)
Jewellery
 t - a ring of positive energy (left tentacle)
Wands
 q - a wand of flame (8)
 r - a wand of digging (6)
Scrolls
 d - 2 scrolls of enchant weapon
 e - 2 scrolls of teleportation
 g - 5 scrolls of fog
 j - a scroll of immolation
 l - a scroll of amnesia {unknown}
 m - a scroll of fear {unknown}
 o - a scroll of magic mapping {unknown}
 p - a scroll of summoning {unknown}
 s - a scroll of torment {unknown}
Potions
 h - a potion of haste
 i - a potion of cancellation
 k - a potion of brilliance {unknown}
 n - 2 potions of magic {unknown}


   Skills:
 + Level 2.5 Fighting
 + Level 3.4 Dodging
 * Level 6.7 Stealth
 + Level 3.2 Spellcasting
 + Level 1.2 Conjurations
 * Level 4.2 Transmutations
 + Level 4.1 Earth Magic


You had 8 spell levels left.
You knew the following spells:

 Your Spells              Type           Power      Damage    Failure   Level
a - Sandblast             Erth           36%        2d10      2%          1
b - Stone Arrow           Conj/Erth      26%        3d8       14%         3

Your spell library contained the following spells:

 Spells                   Type           Power      Damage    Failure   Level
 Passwall                 Tmut/Erth      15%        N/A       4%          2
 Petrify                  Tmut/Erth      19%        N/A       26%         4


Dungeon Overview and Level Annotations

Branches:
Dungeon (5/15)              Sewer (visited)
 Temple: D:4-7

Altars:
Kikubaaqudgha
Sif Muna
Yredelemnul

Shops:
D:2 ?


Innate Abilities, Weirdness & Mutations

You cannot wear most types of armour.
You are amphibious.
You can wear up to eight rings at the same time.
Your skin changes colour to match your surroundings (Stealth+).
Your rubbery body absorbs attacks. (AC +1, EV +1)
((You are camouflaged near water. (Stealth+)))
You have tentacles for arms and can constrict up to eight enemies at once.


Message History

You constrict the hornet zombie, but do no damage.
The hornet zombie hits you.
Casting: Sandblast (safe; 2% risk of failure)
Confirm with . or Enter, or press ? or * to list all spells.
Aiming: Sandblast (safe; 2% risk of failure)
Press: ? - help, Shift-Dir - straight line, f/p - hornet zombie
Aim: a hornet zombie (heavily damaged, constricted by you, 95% to hit)
The blast of sand hits the hornet zombie but does no damage.
The hornet zombie is heavily damaged.
You constrict the hornet zombie. The hornet zombie hits you!
* * * LOW HITPOINT WARNING * * *
You hit the hornet zombie but do no damage.
The hornet zombie is severely damaged.
You constrict the hornet zombie, but do no damage.
The hornet zombie barely misses you.
You hit the hornet zombie.
The hornet zombie is severely damaged.
You constrict the hornet zombie. The hornet zombie hits you!
* * * LOW HITPOINT WARNING * * *
The hornet zombie hits you but does no damage.
You feel much better.
You constrict the hornet zombie. The hornet zombie hits you!
You completely miss the hornet zombie. You squeeze the hornet zombie.
The hornet zombie is severely damaged.
You constrict the hornet zombie. The hornet zombie hits you.
Casting: Sandblast (safe; 2% risk of failure)
Confirm with . or Enter, or press ? or * to list all spells.
Aiming: Sandblast (safe; 2% risk of failure)
Press: ? - help, Shift-Dir - straight line, f/p - hornet zombie
Aim: a hornet zombie (almost destroyed, constricted by you, 95% to hit)
The blast of sand hits the hornet zombie.
The hornet zombie is almost destroyed.
You constrict the hornet zombie. The hornet zombie hits you.
* * * LOW HITPOINT WARNING * * *
The hornet zombie hits you.
* * * LOW HITPOINT WARNING * * *
You hit the hornet zombie but do no damage.
The hornet zombie is almost destroyed.
You constrict the hornet zombie. The hornet zombie hits you!
You die...

###.88.#
##.88.#######
.#....'.....#
.#'########.# .#).#
#.# ##.#..## #.# #
#.####.# #.# #..###Z#
#.# #.# #(Z#@#
#.######.####
#$$#.####.##.........
## ##....###.##..###.
###### #...###.
......... #.#...###.
#......... ..........
#..###.##..


You could see a water moccasin zombie and a hornet zombie.

Vanquished Creatures
  A black bear (D:4)
  A necrophage (D:5)
  A centaur (D:5)
  2 bullfrogs (Sewer)
  2 bullfrog skeletons
  An iguana (D:5)
  2 hound skeletons
  16 adders
  7 river rats
  An ufetubus (D:5)
  3 worms
  A dart slug (D:3)
  3 orcs
  2 endoplasms
  2 giant cockroaches
  5 hobgoblins
  8 jackals
  10 kobolds
  2 quokkas
  18 ball pythons
  5 bats
  9 frilled lizards
  3 goblins
  29 rats
134 creatures vanquished.

Vanquished Creatures (others)
  A fungus (D:2)
  4 plants (D:2)
5 creatures vanquished.

Grand Total: 139 creatures vanquished

Notes
Turn   | Place    | Note
-------+----------+-------------------------------------------
     0 | D:1      | wotkd0121004 the Octopode Earth Elementalist began the
                  | quest for the Orb.
     0 | D:1      | Reached XP level 1. HP: 11/11 MP: 3/3
   280 | D:1      | Reached skill level 3 in Stealth
   287 | D:1      | Reached XP level 2. HP: 14/17 MP: 5/5
   894 | D:2      | Found a basalt altar of Yredelemnul.
   937 | D:2      | Reached XP level 3. HP: 14/22 MP: 4/6
  1287 | D:2      | Found a faded altar of an unknown god.
  1463 | D:2      | Found Ongonwu's Magic Scroll Shop.
  1473 | D:2      | Bought a scroll of immolation for 45 gold pieces
  1473 | D:2      | Bought a scroll of teleportation for 39 gold pieces
  1860 | D:3      | Reached XP level 4. HP: 27/27 MP: 4/7
  1873 | D:3      | Reached skill level 4 in Stealth
  2158 | D:3      | Found an ancient bone altar of Kikubaaqudgha.
  2760 | D:3      | Found a shimmering blue altar of Sif Muna.
  3040 | D:4      | Reached skill level 1 in Fighting
  3104 | D:4      | Reached XP level 5. HP: 33/33 MP: 5/8
  3299 | D:4      | Found a glowing drain.
  3317 | Sewer    | Entered a sewer
  4041 | Sewer    | Reached skill level 5 in Stealth
  4114 | Sewer    | Reached XP level 6. HP: 8/38 MP: 0/9
  5102 | D:4      | Reached XP level 7. HP: 43/45 MP: 11/11
  5218 | D:4      | Learned a level 3 spell: Stone Arrow
  5441 | D:4      | Reached skill level 6 in Stealth
  5719 | D:5      | Entered Level 5 of the Dungeon
  5932 | D:5      | Reached skill level 1 in Conjurations
  6666 | D:5      | Slain by a hornet zombie

Illustrated notes

Levels and vault maps discovered:
D:1:      minmay_arrival_glassed_features, layout_rooms, minmay_pentomino_w4
D:2:      layout_loops_ring, shapermc_ecumenical_altar_mp_urbaneastern,
          basic_altar, serial_shops, nicolae_shop_temple_entry_statues_fountains
D:3:      layout_loops_corners, marbit_many_paths, amcnicky_altar_gilded
D:4:      layout_basic, portal_sewer_entry_c
D:5:      minmay_chambers_of_fours, layout_loops_corners, grunt_decor_resistance

Skill      XL: |  1  2  3  4  5  6  7 |
---------------+----------------------+-----
Stealth        | 3 4 5 6 |  6.7
Transmutations | 2 3 4 |  4.2
Fighting       | 1 2 |  2.5
Dodging        | 3 |  3.4
Spellcasting   | 3 |  3.2
Earth Magic    | 4 |  4.1
Conjurations   | 1 |  1.2

Action                   |  1- 3 |  4- 6 |  7- 9 || total
-------------------------+-------+-------+-------++-------
Melee: Short sword       |    36 |    59 |    14 ||   109
       Unarmed           |     5 |       |       ||     5
       Constrict         |     8 |    19 |     5 ||    32
       Tentacles         |     3 |    12 |     8 ||    23
       Dagger            |       |       |    28 ||    28
 Cast: Sandblast         |    16 |   110 |    30 ||   156
       Stone Arrow       |       |       |     5 ||     5
  Use: Scroll            |     1 |     5 |       ||     6
       Potion            |       |     5 |     4 ||     9
 Stab: Sleeping          |    12 |     4 |     4 ||    20
       Distracted        |       |     1 |       ||     1
Armor: Skin              |     4 |    20 |     5 ||    29
Dodge: Dodged            |    36 |    94 |    53 ||   183

Table legend: (Time is in decaauts)
 A = Elapsed time spent in this place.
 B = Non-inter-level travel time spent in this place.
 C = Inter-level travel time spent in this place.
 D = Time resting spent in this place.
 E = Time spent auto-exploring this place.
 F = Levels seen in this place.
 G = Mean time per level.
                   A        B        C        D        E       F      G
               +--------+--------+--------+--------+--------+-----+--------+
         Total |   6618 |   6561 |     57 |   1070 |   4409 |   6 | 1103.0 |
       Dungeon |   4942 |   4885 |     57 |    198 |   3853 |   5 |  988.4 |
         Sewer |   1675 |   1675 |      0 |    872 |    556 |   1 | 1675.0 |
               +--------+--------+--------+--------+--------+-----+--------+

Top non-repeatable levels by time:
   Sewer: 1675 daAuts
     D:4: 1125 daAuts
     D:3: 1108 daAuts
     D:5: 927 daAuts
     D:1: 892 daAuts
     D:2: 889 daAuts
